 Dungeon Crawl Stone Soup version 0.17-a0-484-g0e03f6a (webtiles) character file.

7231 Chiseanne the Cleaver (level 10, -8/91 HPs)
             Began as a Deep Dwarf Monk on Apr 10, 2015.
             Was an Initiate of Gozag.
             Shot with an arrow by a centaur (10 damage)
             ... on level 9 of the Dungeon.
             The game lasted 00:36:44 (8306 turns).

Chiseanne the Cleaver (Deep Dwarf Monk)             Turns: 8306, Time: 00:36:44

Health: -8/91      AC:  7    Str: 16    XL:     10   Next: 88%
Magic:  8/8        EV: 14    Int: 12    God:    Gozag
Gold:   218        SH:  0    Dex: 16    Spells: 0 memorised, 9 levels left

rFire  . . .     SeeInvis .     a - +3 battleaxe (flame)
rCold  . . .     Clarity  .     D - +1 leather armour {rPois} (curse)
rNeg   . . .     SustAb   .     (no shield)
rPois  +         Gourm    .     E - +0 helmet
rElec  .         Spirit   .     e - +0 cloak
rCorr  .         Warding  .     (no gloves)
rMut   .         Stasis   .     (no boots)
MR     ++...                    (no amulet)
Stlth  ++........               (no ring)
                                q - ring of protection from magic

@: non-regenerating, very resistant to hostile enchantments, unstealthy
A: damage resistance, recharge devices, sense surroundings 2, slow healing 3
a: Device Recharging, Potion Petition, Call Merchant, Bribe Branch, Renounce
Religion


You were on level 9 of the Dungeon.
You worshipped Gozag.
Gozag was noncommittal.
You were not hungry.

You visited 2 branches of the dungeon, and saw 10 of its levels.

You collected 1458 gold pieces.
You spent 765 gold pieces at shops.
You paid 475 gold pieces to Gozag.

Inventory:

Hand weapons
 a - a +3 battleaxe of flaming (weapon)
 w - a +0 blowgun
Missiles
 d - 136 arrows
 g - 74 bolts
 i - 5 tomahawks (quivered)
 n - 17 bolts of penetration
 r - 67 sling bullets
 s - 22 poisoned needles
 A - 7 steel sling bullets
Armour
 e - a +0 cloak (worn)
 D - a cursed +1 leather armour of poison resistance (worn)
 E - a +0 helmet (worn)
Jewellery
 c - a cursed ring of teleportation
 q - a ring of protection from magic (left hand)
Magical devices
 b - a wand of enslavement (9)
 y - a wand of digging (0)
Scrolls
 h - 3 scrolls of remove curse
 l - 3 scrolls of fog
 m - 6 scrolls of teleportation
 t - 2 scrolls of magic mapping
 v - a scroll of fear
Potions
 f - a potion of magic
 j - a potion of berserk rage
 k - 2 potions of brilliance
 u - a potion of resistance
 x - a potion of flight {unknown}
 B - a potion of cure mutation {unknown}
 C - 2 potions of cancellation
 P - a potion of haste
 Q - a potion of agility
Books
 H - a Grand Grimoire {highlevel, unknown}

   This book is beyond your current level of understanding.

   Spells                             Type                      Level
   a - Aura of Abjuration             Summoning                    6
   b - Summon Greater Demon           Summoning                    7
   c - Malign Gateway                 Summoning/Translocation      7
   d - Summon Horrible Things         Summoning                    8
 I - a book of the Sky

   Spells                             Type                      Level
   a - Flight                         Charms/Air                   3
   b - Airstrike                      Air                          4
   c - Silence                        Hexes/Air                    5
   d - Deflect Missiles               Charms/Air                   6
   e - Conjure Ball Lightning         Conjuration/Air              6
   f - Tornado                        Air                          9
Comestibles
 p - 3 meat rations
 F - 5 slices of pizza
 G - 2 bread rations
 K - a royal jelly
 L - a beef jerky


   Skills:
 - Level 5.8 Fighting
 + Level 10.9 Axes
 - Level 8.5 Armour
 - Level 10.6 Dodging
 - Level 2.4 Stealth
 - Level 3.6 Unarmed Combat


You had 9 spell levels left.
You didn't know any spells.

Dungeon Overview and Level Annotations

Branches:
Dungeon (9/15)             Temple (1/1) D:7
   Lair: D:8-11         Orc: D:9-12

Altars:
Ashenzari
Cheibriados
Dithmenos
Elyvilon
Fedhas
Gozag
Kikubaaqudgha
Makhleb
Nemelex Xobeh
Okawaru
Qazlal
Ru
Sif Muna
Trog
Vehumet
Xom
Yredelemnul
Zin
The Shining One

Shops:
D:8 !   D:9 *

Annotations:
D:1 exclusion: door
D:9 Maurice


Innate Abilities, Weirdness & Mutations

You are resistant to damage.
You can recharge devices by infusing magical energy.
You passively map the area around you.
You do not heal naturally.


Message History

A troll comes into view.
The troll shouts!
Maurice shouts!
Maurice throws a stone.
The stone completely misses you.
You see here a stone.
Things that are here:
a giant club; a robe A centaur comes into view.
There is a stone staircase leading down here.
The centaur shouts!
The centaur wields a shortbow.
The centaur shoots an arrow.
The arrow hits you.
* * * LOW HITPOINT WARNING * * *
The centaur shoots an arrow.
The arrow misses you.
The arrow hits the ice beast.
There is an escape hatch in the ceiling here.
The centaur shoots an arrow.
The arrow completely misses you.
The arrow hits the ice beast but does no damage.
The centaur shoots an arrow.
The arrow hits you!
You die...
Your body crumbles into a pile of gold.

* ...,* ... #.....# #...# ,
#.....# #.@.### ,
..##..c..####.....# , , ,
...#............... ,,,, * ,
............ ..... ,,
..........#* ...*
,,...........#####$#** .# , ,
#..@........# ... , ,, ,
###Y######.(####.... * #(#
#.....#.... , ** #>#
##.#.#......
#.#####..#(#..(... *
#....)...((....... *
*##########..####.##.)##.... *
#.,*#......#...## #.##..# ..
,...###......#....####.##..###


You could see an ice beast and a centaur.

Vanquished Creatures
  Erolcha (D:9)
  Erica (D:9)
  Pikel (D:5)
  Psyche (D:9)
  A troll (D:9)
  A two-headed ogre (D:9)
  Grinder (D:3)
  The ghost of Pikaro the Slicer, an average KoBe of Trog (D:4)
  A yak (D:7)
  A hog (D:7)
  A human (D:7)
  2 hippogriffs
  Eustachio (D:6)
  2 orc warriors (D:7)
  2 ice beasts
  A black bear (D:9)
  6 ogres
  4 necrophages
  2 sky beasts
  3 centaurs
  Blork the orc (D:6)
  2 big kobolds
  2 giant frogs (D:6)
  3 scorpions
  3 crimson imps
  2 hounds
  A giant frog skeleton (D:5)
  6 orc priests
  A goliath beetle (D:7)
  4 orc wizards
  6 iguanas
  2 sheep (D:7)
  5 worker ants
  A hound skeleton (D:9)
  2 mummies
  7 gnolls
  10 adders
  A shadow imp (D:5)
  A worm (D:2)
  6 adder skeletons
  An ooze (D:3)
  27 orcs
  13 bats
  7 giant cockroaches
  11 goblins
  17 hobgoblins
  18 kobolds
  8 quokkas
  A giant gecko (D:1)
  A giant gecko zombie (D:5)
  3 giant newts
  8 rats
215 creatures vanquished.

Vanquished Creatures (others)
  A slave (D:5)
  A phantom (D:4)
  2 rats
4 creatures vanquished.

Grand Total: 219 creatures vanquished

Notes
Turn   | Place    | Note
--------------------------------------------------------------
     0 | D:1      | Chiseanne, the Deep Dwarf Monk, began the quest for the Orb.
     0 | D:1      | Reached XP level 1. HP: 20/20 MP: 1/1
   150 | D:1      | Reached XP level 2. HP: 21/27 MP: 2/2
   368 | D:1      | Reached skill level 4 in Dodging
   790 | D:2      | Found a deep blue altar of Sif Muna.
   964 | D:2      | Reached XP level 3. HP: 29/34 MP: 3/3
  1219 | D:2      | Reached skill level 5 in Dodging
  1230 | D:2      | Reached XP level 4. HP: 25/42 MP: 4/4
  1650 | D:3      | Found a shattered altar of Ashenzari.
  1673 | D:3      | Noticed Grinder
  1682 | D:3      | Paralysed by Grinder for 3 turns
  1714 | D:3      | Paralysed by Grinder for 7 turns
  1738 | D:3      | Paralysed by Grinder for 2 turns
  1760 | D:3      | Paralysed by Grinder for 2 turns
  1773 | D:3      | Paralysed by Grinder for 3 turns
  1782 | D:3      | Killed Grinder
  1782 | D:3      | Reached skill level 6 in Dodging
  1782 | D:3      | Reached XP level 5. HP: 20/49 MP: 5/5
  1782 | D:3      | Reached XP level 6. HP: 22/56 MP: 6/6
  2638 | D:4      | Found an opulent altar of Gozag.
  2646 | D:4      | Found a snail-covered altar of Cheibriados.
  2654 | D:4      | Noticed Pikaro's ghost (average KoBe)
  2681 | D:4      | Reached skill level 7 in Dodging
  2681 | D:4      | Reached XP level 7. HP: 61/63 MP: 7/7
  2691 | D:4      | Killed Pikaro's ghost
  2698 | D:4      | Became a worshipper of Gozag Ym Sagoz the Greedy
  3154 | D:4      | Reached skill level 8 in Dodging
  3457 | D:5      | Entered Level 5 of the Dungeon
  3588 | D:5      | Reached skill level 5 in Armour
  3588 | D:5      | Reached XP level 8. HP: 42/73 MP: 7/7
  3752 | D:5      | Noticed Pikel
  3783 | D:5      | Killed Pikel
  3783 | D:5      | Reached skill level 5 in Fighting
  3783 | D:5      | Reached skill level 9 in Dodging
  4458 | D:6      | Noticed Eustachio
  4462 | D:6      | Noticed Blork the orc
  4465 | D:6      | Killed Eustachio
  4465 | D:6      | Gained mutation: You passively map the area around you. [Deep Dwarf growth]
  4465 | D:6      | Reached XP level 9. HP: 62/81 MP: 8/8
  4475 | D:6      | Killed Blork the orc
  4783 | D:6      | Reached skill level 10 in Dodging
  5040 | D:6      | Found a staircase to the Ecumenical Temple.
  5251 | D:7      | Found a staircase to the Ecumenical Temple.
  5423 | Temple   | Entered the Ecumenical Temple
  5756 | D:7      | Reached skill level 1 in Axes
  5912 | D:7      | Found a shadowy altar of Dithmenos.
  5912 | D:7      | Found a glowing golden altar of the Shining One.
  6449 | D:7      | Reached skill level 5 in Axes
  6665 | D:7      | Found a basalt altar of Yredelemnul.
  6847 | D:7      | Reached XP level 10. HP: 49/91 MP: 8/8
  7285 | D:8      | Found a shimmering altar of Xom.
  7292 | D:8      | Found a shimmering altar of Xom.
  7293 | D:8      | Found a shimmering altar of Xom.
  7296 | D:8      | Found a shimmering altar of Xom.
  7296 | D:8      | Found a shimmering altar of Xom.
  7298 | D:8      | Found a shimmering altar of Xom.
  7299 | D:8      | Found a shimmering altar of Xom.
  7441 | D:8      | Found a sacrificial altar of Ru.
  7544 | D:8      | Found Paobum's Distillery.
  7549 | D:8      | Bought a potion of cancellation for 120 gold pieces
  7549 | D:8      | Bought 2 potions of degeneration for 30 gold pieces
  7549 | D:8      | Bought a potion of poison for 15 gold pieces
  7549 | D:8      | Bought a potion of heal wounds for 75 gold pieces
  7549 | D:8      | Bought a potion of curing for 45 gold pieces
  7549 | D:8      | Bought a potion of haste for 150 gold pieces
  7549 | D:8      | Bought a potion of agility for 60 gold pieces
  7549 | D:8      | Bought a potion of agility for 60 gold pieces
  7549 | D:8      | Bought a potion of ambrosia for 120 gold pieces
  7549 | D:8      | Bought a potion of curing for 45 gold pieces
  7549 | D:8      | Bought a potion of curing for 45 gold pieces
  7712 | D:9      | Noticed Erolcha
  7712 | D:9      | Noticed Psyche
  7775 | D:9      | Noticed Maurice
  7779 | D:9      | Noticed Erica
  7791 | D:9      | Killed Erica
  7815 | D:9      | Found a burning altar of Makhleb.
  7928 | D:9      | Found a glowing silver altar of Zin.
  7929 | D:9      | Found Zin's Purification Station.
  8101 | D:9      | Killed Psyche
  8132 | D:9      | Found a bloodstained altar of Trog.
  8133 | D:9      | Noticed a stone giant
  8145 | D:9      | Found a basalt altar of Yredelemnul.
  8159 | D:9      | Reached skill level 10 in Axes
  8241 | D:9      | Killed Erolcha
  8246 | D:9      | HP: 3/91 [mummy (5)]
  8304 | D:9      | HP: 2/91 [centaur/arrow (1)]
  8306 | D:9      | Shot with an arrow by a centaur

Action                   |  1- 3 |  4- 6 |  7- 9 | 10-12 || total
-------------------------+-------+-------+-------+-------++-------
Melee: Unarmed           |    21 |     7 |       |       ||    28
       Dagger            |    88 |   157 |   402 |       ||   647
       Whip              |       |       |   123 |       ||   123
       Battleaxe         |       |       |    70 |    95 ||   165
 Fire: Blowgun           |       |       |       |    30 ||    30
Throw: Tomahawk          |       |       |     5 |       ||     5
Invok: Potion Petition   |       |       |     2 |       ||     2
 Abil: Device Recharging |       |       |     2 |       ||     2
Evoke: Wand              |     2 |     6 |    16 |     4 ||    28
  Use: Scroll            |     3 |     9 |    10 |     5 ||    27
       Potion            |       |     5 |     2 |    13 ||    20
 Stab: Sleeping          |     4 |       |       |     1 ||     5
       Invisible         |       |     1 |     3 |       ||     4
       Distracted        |       |       |     2 |     1 ||     3
  Eat: Chunk             |     1 |     2 |       |       ||     3
       Fruit             |       |     4 |       |       ||     4
       Pizza             |       |       |     2 |     2 ||     4
       Beef jerky        |       |       |     2 |     3 ||     5
       Bread ration      |       |       |     2 |       ||     2
